 Dungeon Crawl Stone Soup version 0.29-a0-925-g0a7a3d12f8 (webtiles) character file.

Game seed: 3679640222566397110

18 kfp the Trooper (level 2, 0/27 HPs)
             Began as a Hill Orc Fighter on July 29, 2022.
             Slain by a kobold
             ... wielding a +0 club
              (1 damage)
             ... on level 1 of the Dungeon.
             The game lasted 00:05:43 (418 turns).

kfp the Trooper (Hill Orc Fighter)                   Turns: 418, Time: 00:05:43

Health: 0/27       AC:  7    Str: 18    XL:     2   Next: 70%
Magic:  2/2        EV:  9    Int:  8    God:
Gold:   49         SH:  4    Dex: 10    Spells: 1/1 levels left

rFire   . . .      SeeInvis .   a - +0 rapier
rCold   . . .      Faith    .   c - +0 buckler
rNeg    . . .      Spirit   .   b - +0 scale mail
rPois   .          Reflect  .   (no helmet)
rElec   .          Harm     .   (no cloak)
rCorr   .          Rampage  .   (no gloves)
Will    .....                   (no boots)
Stlth   ..........              (no amulet)
HPRegen 0.09/turn               (no ring)
MPRegen 0.08/turn               (no ring)

@: no status effects
A: no striking features
a: no special abilities


You were on level 1 of the Dungeon.
You visited 1 branch of the dungeon, and saw 1 of its levels.

You collected 49 gold pieces.

Inventory:

Hand Weapons
 a - a +0 rapier (weapon)
Armour
 b - a +0 scale mail (worn)
 c - a +0 buckler (worn)
Scrolls
 d - a scroll of identify


   Skills:
 + Level 3.8 Fighting
 + Level 2.1 Short Blades
 + Level 3.8 Armour
 + Level 0.1 Dodging
 + Level 3.4 Shields


You had one spell level left.
You didn't know any spells.
Your spell library was empty.

Dungeon Overview and Level Annotations

Branches:
Dungeon (1/15)

Altars:


Message History

The kobold closely misses you. You block the bat's attack.
The goblin hits you but does no damage. The kobold hits you with a +0 club.
* * * LOW HITPOINT WARNING * * *
You see here a hobgoblin corpse.
You block the bat's attack. The goblin barely misses you.
Things that are here:
a +0 dagger; a goblin corpse The bat misses you.
The bat hits you but does no damage. The kobold attacks as you move away!
The kobold hits you with a +0 club.
* * * LOW HITPOINT WARNING * * *
The bat hits you but does no damage. The goblin attacks as you move away!
The goblin closely misses you. The kobold attacks as you move away!
The kobold barely misses you. The bat hits you but does no damage.
The bat barely misses you.
You miss the goblin.
The goblin is almost dead.
The goblin barely misses you. The bat hits you but does no damage.
The kobold barely misses you.
You hit the goblin.
You kill the goblin!
The bat hits you.
* * * LOW HITPOINT WARNING * * *
The kobold hits you but does no damage.
You hit the bat.
You kill the bat!
The kobold barely misses you. The kobold barely misses you.
Things that are here:
a +0 club; a bat corpse The kobold closely misses you.
Things that are here:
a +0 dagger; a goblin corpse The kobold hits you with a +0 club.
* * * LOW HITPOINT WARNING * * *
The kobold hits you but does no damage. You block the kobold's attack.
The kobold attacks as you move away! The kobold hits you with a +0 club.
You die...

..... #.# .#
##.###
.....##.### .#
+8.8+.
..........###.#
#...#.
....#.........#
##...## ..
#..†......##
#≈...≈#
#..........#####
#≈...≈#
#...............
#≈...≈#
#..†)..)..###
#≈...≈#
#.....K@....#
#≈.<.≈#
#.........#..#
##...##
#..........#..#
##.##.
#.########......
##### #. ..#...
.. #..##. #.#
#... #. .#.


You could see a kobold.

Vanquished Creatures
  3 bats (D:1)
  A giant cockroach (D:1)
  6 goblins (D:1)
  3 hobgoblins (D:1)
  A ball python (D:1)
  A kobold (D:1)
  A rat (D:1)
16 creatures vanquished.

Notes
Turn   | Place    | Note
-------+----------+-------------------------------------------
     0 | D:1      | kfp the Hill Orc Fighter began the quest for the Orb.
     0 | D:1      | Reached XP level 1. HP: 19/19 MP: 1/1
   212 | D:1      | Reached XP level 2. HP: 27/27 MP: 2/2
   414 | D:1      | HP: 1/27 [kobold/+0 club (3)]
   418 | D:1      | Slain by a kobold

Illustrated notes

Levels and vault maps discovered:
D:1:      wander_arrival_chamber, layout_rooms,
          nicolae_concentric_dashed_squares_wild

Action                   || total
-------------------------++-------
Melee: Rapier            ||    43
  Use: Potion            ||     1
       Scroll            ||     1
Armor: Scale mail        ||    82
Dodge: Dodged            ||    85
Block: Buckler           ||    29

Table legend: (Time is in decaauts)
 A = Elapsed time spent in this place.
 B = Non-inter-level travel time spent in this place.
 C = Inter-level travel time spent in this place.
 D = Time resting spent in this place.
 E = Time spent auto-exploring this place.
 F = Levels seen in this place.
 G = Mean time per level.
                   A        B        C        D        E       F      G
               +--------+--------+--------+--------+--------+-----+--------+
         Total |    423 |    350 |     73 |      0 |      0 |   1 |  423.0 |
       Dungeon |    423 |    350 |     73 |      0 |      0 |   1 |  423.0 |
               +--------+--------+--------+--------+--------+-----+--------+

Top non-repeatable levels by time:
     D:1: 423 daAuts
